 Dungeon Crawl Stone Soup version 0.30.1-3-gfc49f6343a (webtiles) character file.

Game seed: 13889873502239446728

92 croobank the Ducker (level 4, 0/33 HPs)
             Began as an Octopode Monk on July 20, 2023.
             Slain by Ijyb
             ... wielding a +0 dagger
              (2 damage)
             ... on level 3 of the Dungeon.
             The game lasted 00:03:45 (1669 turns).

croobank the Ducker (Octopode Monk)                 Turns: 1669, Time: 00:03:45

Health: 0/33       AC:  1    Str: 10    XL:     4   Next: 60%
Magic:  4/4        EV: 14    Int: 14    God:
Gold:   76         SH:  0    Dex: 14    Spells: 3/3 levels left

rFire   . . .        a - +0 short sword
rCold   . . .        (no shield)
rNeg    . . .        (helmet restricted)
rPois   .            (no amulet)
rElec   .            (no ring)
rCorr   .            (no ring)
SInv    .            (no ring)
Will    .....        (no ring)
Stlth   ++           (no ring)
HPRegen 0.25/turn    (no ring)
MPRegen 0.09/turn    (no ring)
                     (no ring)

%: no passive effects
@: brilliant, attractive, hasted, very quick
A: almost no armour, amphibious, 8 rings, camouflage 1, gelatinous body 1,
(nimble swimmer 1), tentacles
a: no special abilities


You were on level 3 of the Dungeon.
You visited 1 branch of the dungeon, and saw 3 of its levels.

You collected 76 gold pieces.

Inventory:

Hand Weapons
 a - a +0 short sword (weapon)
 d - a +0 dagger
Armour
 c - an orb of light
Jewellery
 e - an amulet of faith
Scrolls
 g - a scroll of magic mapping {unknown}
 i - 3 scrolls of amnesia {unknown}
 k - a scroll of identify {unknown}
 m - a scroll of vulnerability {unknown}
Potions
 f - a potion of brilliance
 j - a potion of attraction


   Skills:
 + Level 3.8 Fighting
 + Level 3.8 Short Blades
 + Level 3.8 Dodging


You had 3 spell levels left.
You didn't know any spells.
Your spell library was empty.

Dungeon Overview and Level Annotations

Branches:
Dungeon (3/15)

Altars:

Shops:
D:1 =

Annotations:
D:3 Ijyb


Innate Abilities, Weirdness & Mutations

You cannot wear most types of armour.
You are amphibious.
You can wear up to eight rings at the same time.
Your skin changes colour to match your surroundings (Stealth+).
Your rubbery body absorbs attacks. (AC +1, EV +1)
((You are camouflaged when in or above water. (Stealth+)))
You have tentacles for arms and can constrict up to eight enemies at once.


Message History

Ijyb closely misses you. The grasping roots constrict you.
* * * LOW HITPOINT WARNING * * *
You are too confused!
You barely miss Ijyb.
Ijyb is severely wounded.
You hit Ijyb.
Your tentacle-slap misses Ijyb.
Your squeeze misses Ijyb.
Ijyb is severely wounded.
You feel less invigorated.
You feel less confused. Ijyb screams, "I no like you!"
Ijyb hits you with a +0 dagger.
* * * LOW HITPOINT WARNING * * *
The grasping roots constrict you.
* * * LOW HITPOINT WARNING * * *
You hit Ijyb but do no damage. Your grab misses Ijyb.
Ijyb is severely wounded.
The grasping roots release their grip on you.
You barely miss Ijyb. Your grab misses Ijyb.
Ijyb is severely wounded.
Ijyb hits you with a +0 dagger.
* * * LOW HITPOINT WARNING * * *
You closely miss Ijyb. Your grab misses Ijyb. Your squeeze misses Ijyb.
Ijyb is severely wounded.
You hit Ijyb but do no damage. Your grab misses Ijyb.
You tentacle-slap Ijyb, but do no damage.
Ijyb is severely wounded.
Ijyb hits you with a +0 dagger.
* * * LOW HITPOINT WARNING * * *
You hit Ijyb but do no damage. You grab Ijyb.
Ijyb is severely wounded.
You constrict Ijyb, but do no damage.
Okay, then.
Okay, then.
You hit Ijyb but do no damage. You squeeze Ijyb.
Ijyb is almost dead.
You constrict Ijyb, but do no damage. Ijyb closely misses you.
You hit Ijyb but do no damage.
Ijyb is severely wounded.
You constrict Ijyb, but do no damage. Ijyb hits you with a +0 dagger.
You die...

####'###
#...<..#
#...†..#
#......#
####'########.
####..........
#.....[######
######...####
#....@g.......
########.####.
.# .# . #


You could see Ijyb.

Vanquished Creatures
  6 adders
  3 dart slugs (D:1)
  2 endoplasms
  A giant cockroach (D:2)
  2 goblins
  4 hobgoblins
  A quokka (D:1)
  5 ball pythons
  A bat (D:2)
  2 frilled lizards
  4 kobolds
  5 rats
36 creatures vanquished.

Notes
Turn   | Place    | Note
-------+----------+-------------------------------------------
     0 | D:1      | croobank the Octopode Monk began the quest for the Orb.
     0 | D:1      | Reached XP level 1. HP: 16/16 MP: 1/1
   158 | D:1      | Reached XP level 2. HP: 13/21 MP: 2/2
   596 | D:1      | Found Caiwox's Jewellery Boutique.
   606 | D:1      | Reached XP level 3. HP: 19/26 MP: 3/3
  1157 | D:2      | Reached XP level 4. HP: 31/33 MP: 4/4
  1643 | D:3      | Noticed Ijyb
  1653 | D:3      | HP: 1/33 [constriction (6)]
  1669 | D:3      | Slain by Ijyb

Illustrated notes

Levels and vault maps discovered:
D:1:      scummos_arrival_simple_fountains, layout_loops_ring, serial_shops,
          nicolae_shop_stone
D:2:      layout_loops_ring
D:3:      layout_basic, corexii_hall_statues_l, grunt_ministairs_14,
          minmay_crystal_water, patterned_corridor, uniq_ijyb

Action                     |  1- 3 |  4- 6 || total
---------------------------+-------+-------++-------
  Melee: Short sword       |    60 |    39 ||    99
         Constrict         |    18 |     6 ||    24
         Tentacles         |    11 |    13 ||    24
         Punch             |       |     2 ||     2
    Use: Potion            |       |     5 ||     5
   Stab: Sleeping          |     6 |     2 ||     8
 Armour: Skin              |     3 |       ||     3
  Dodge: Dodged            |    31 |    14 ||    45
